 Dungeon Crawl Stone Soup version bcrawl-1.21 (webtiles) character file.

Game seed: 14666741205241229347

40 Foic the Caller (level 3, -2/19 HPs)
             Began as an Avariel Summoner on Feb 16, 2020.
             Slain by a goblin
             ... wielding a +0 club
             ... led by Robin
              (4 damage)
             ... on level 2 of the Dungeon.
             The game lasted 00:09:25 (2155 turns).

Foic the Caller (Avariel Summoner)                  Turns: 2155, Time: 00:09:26

Health: -2/19      AC:  4    Str:  6    XL:     3   Next: 50%
Magic:  8/9        EV: 12    Int: 21    God:
Gold:   110        SH:  0    Dex: 13    Spells: 0/8 levels left

rFire    . . .     SeeInvis .   (no weapon)
rCold    . . .     Gourm    .   (no shield)
rNeg     . . .     Faith    .   f - +0 leather armour
rPois    .         Spirit   .   g - +0 helmet
rElec    .         Reflect  .   (no cloak)
rCorr    .         Harm     .   (no gloves)
MR       .....                  (no boots)
Stlth    ++........             (no amulet)
HPRegen  0.06/turn              (no ring)
MPRegen  0.11/turn              (no ring)

@: no status effects
A: no striking features
a: no special abilities


You were on level 2 of the Dungeon.
You were not hungry.

You visited 1 branch of the dungeon, and saw 2 of its levels.

You collected 110 gold pieces.

Inventory:

Missiles
 j - 713 stones (quivered)
Armour
 a - a +0 robe
 f - a +0 leather armour (worn)
 g - a +0 helmet (worn)
 l - a +1 helmet
Jewellery
 d - an uncursed ring of positive energy {unknown}
 h - an uncursed ring of see invisible {unknown}
 m - an uncursed ring of wizardry {unknown}
Scrolls
 c - a scroll of summoning
 o - a scroll of enchant weapon
 p - a scroll of identify {unknown}
Potions
 b - a potion of haste {unknown}
 i - a potion of lignification {unknown}
 k - a potion of agility {unknown}
Comestibles
 e - 3 rations {!d}


   Skills:
 + Level 0.2 Armour
 + Level 2.3 Dodging
 + Level 2.3 Stealth
 + Level 3.4 Spellcasting
 + Level 5.6 Summonings


You couldn't memorise any spells.
You knew the following spells:

 Your Spells              Type           Power        Failure   Level  Hunger
a - Summon Small Mammal   Summ           ####         1%          1    None
b - Call Imp              Summ           ####..       3%          2    ##.....
c - Call Canine Familiar  Summ           ####....     6%          3    ###....
d - Sticks to Snakes      Tmut           #.......     30%         2    ##.....

Your spell library contained the following spells:

 Spells                   Type           Power        Failure   Level  Hunger
 Beastly Appendage        Tmut           #.....       21%         1    None
 Spider Form              Tmut/Pois      #..          52%         3    ###....
 Summon Ice Beast         Ice/Summ       ###.....     52%         4    ####...
 Summon Lightning Spire   Summ/Air       ###.....     86%         5    ######.
 Ice Form                 Ice/Tmut       #.......     89%         4    ####...
 Blade Hands              Tmut           #.........   99%         5    ######.


Dungeon Overview and Level Annotations

Branches:
Dungeon (2/12)

Altars:

Annotations:
D:2 Robin


Message History

The goblin hits you with a +0 club.
The goblin no longer looks unusually strong.
The goblin completely misses you. The goblin closely misses you.
Robin throws the goblin at you!
Your quokka bites Robin but does no damage.
The goblin misses your hound.
All of the chunks of flesh in your inventory have rotted away.
You hit the goblin.
The goblin is heavily wounded.
Robin roars a battlecry!
The goblin goes into a battle-frenzy!
Your quokka bites Robin.
The goblin hits you with a +0 club.
* * * LOW HITPOINT WARNING * * *
The goblin hits your hound but does no damage.
You closely miss the goblin.
The goblin is heavily wounded.
Your quokka bites Robin but does no damage.
The goblin hits you with a +0 club.
You die...

≈≈≈≈≈≈##.#...#...#.##,,..#**,*
≈≈≈≈≈##.##P........##,,...,,,*
≈≈≈≈##..#.≈≈≈≈≈≈≈≈≈≈#**#.#****
≈≈≈##.#≈.≈≈≈≈≈≈≈≈≈≈≈# #.#
≈≈##≈≈≈≈≈≈.≈≈≈.≈≈≈..# ##.##
≈##≈≈.#≈≈≈#)≈≈#≈≈≈#.###...#######
≈##≈.###.###.###.####5hg.........
##....#...#...#...#.r##...#######
##.............g@.g..##...#######
.'....................#.#h)g..gh.
.#.........................#####.
##....................#..#.......
##≈...#...#...#...#......#######.
≈#≈≈≈###.###.###.####.#..# #.
≈##.≈≈#≈≈≈#≈≈≈#≈≈≈#.#....# #.
≈≈##.≈≈≈≈≈.≈≈≈.≈≈≈≈.####.# #b
≈≈≈#.P≈≈≈≈≈≈≈≈≈≈≈P..# #...(...†h


You could see Robin, 2 goblins, a friendly hound, a friendly iron imp and a
friendly quokka.

Vanquished Creatures (collateral kills)
  A gnoll (D:2)
  An adder (D:2)
  2 worms
  2 dart slugs (D:1)
  An orc (D:2)
  A giant cockroach (D:1)
  8 goblins
  8 hobgoblins
  A jackal (D:1)
  4 kobolds (D:1)
  5 bats
  4 frilled lizards (D:1)
  A rat (D:1)
39 creatures vanquished.

Notes
Turn   | Place    | Note
-------+----------+-------------------------------------------
     0 | D:1      | Foic the Avariel Summoner began the quest for the Orb.
     0 | D:1      | Reached XP level 1. HP: 10/10 MP: 6/6
   120 | D:1      | Reached skill level 5 in Summonings
   600 | D:1      | Reached XP level 2. HP: 15/15 MP: 5/7
   604 | D:1      | Learned a level 2 spell: Call Imp
  1694 | D:2      | Reached XP level 3. HP: 19/19 MP: 4/9
  1720 | D:2      | Learned a level 3 spell: Call Canine Familiar
  1756 | D:2      | Learned a level 2 spell: Sticks to Snakes
  2080 | D:2      | Noticed Robin
  2155 | D:2      | Slain by a goblin

Skill      XL: |  1  2 |
---------------+-------+-----
Summonings     | 5 |  5.6
Spellcasting   | 3 |  3.4
Armour         | |  0.2
Dodging        | |  2.3
Stealth        | |  2.3

Action                   || total
-------------------------++-------
Melee: Unarmed           ||     2
 Cast: Summon Small Mamm ||    47
       Call Imp          ||     6
       Call Canine Famil ||     2
  Use: Scroll            ||     4
  Eat: Chunk             ||     4
Armor: Robe              ||     4
       Leather armour    ||    17
Dodge: Dodged            ||    27
